 Dungeon Crawl Stone Soup version 0.17-a0-913-g36eb389 (webtiles) character file.

54009 Zwobot the Basher (level 14, -16/137 HPs)
             Began as a Centaur Chaos Knight on May 3, 2015.
             Was the Champion of Kikubaaqudgha.
             Demolished by a manticore (20 damage)
             ... while paralysed by a chaos spawn
             ... on level 8 of the Lair of Beasts.
             The game lasted 01:47:52 (20432 turns).

Zwobot the Basher (Centaur Chaos Knight)           Turns: 20432, Time: 01:47:52

Health: -16/137    AC: 26    Str: 19      XL:     14   Next: 33%
Magic:  18/18      EV:  1    Int: 22      God:    Kikubaaqudgha [******]
Gold:   1391       SH:  0    Dex:  7 (9)  Spells: 3 memorised, 4 levels left

rFire  + . .     SeeInvis .     a - +5 dire flail (freeze)
rCold  . . .     Clarity  .     T - +1 ring mail "Uvvej" {Regen+}
rNeg   . . .     SustAb   .     (no shield)
rPois  .         Gourm    .     z - +1 hat {Int+3}
rElec  .         Spirit   .     x - +2 cloak
rCorr  .         Warding  .     k - +2 pair of gloves
rMut   .         Stasis   .     y - +1 centaur barding
MR     ++...                    B - amulet of regeneration
Stlth  ..........               e - +3 ring of intelligence
                                q - +1 ring of evasion

@: paralysed, manticore barbs, very quick, very resistant to hostile
enchantments, extremely unstealthy
A: hooves 3, iridescent scales 1, clever 2, deformed body, fire resistance 1,
speed 2, magic resistance 1, robust 1, spit poison 1, tough skin 3
a: Spit Poison, Receive Corpses, Torment, Renounce Religion


You were on level 8 of the Lair of Beasts.
You worshipped Kikubaaqudgha.
Kikubaaqudgha was exalted by your worship.
You were not hungry.

You visited 3 branches of the dungeon, and saw 19 of its levels.
You also visited: Volcano.

You collected 1448 gold pieces.
You spent 57 gold pieces at shops.

Inventory:

Hand weapons
 a - a +5 dire flail of freezing (weapon)
 w - a +0 blowgun
 F - a +1 whip of electrocution
Missiles
 g - 4 poisoned javelins (quivered)
 j - 88 poisoned needles
 G - 11 javelins
Armour
 k - a +2 pair of gloves (worn)
 u - a +0 helmet of see invisible
 x - a +2 cloak (worn)
 y - a +1 centaur barding (worn)
 z - a +1 hat of intelligence (worn)
 T - the +1 ring mail "Uvvej" (worn) {Regen+}
   (You found it on level 9 of the Dungeon)

   It increases your rate of regeneration.
Rods
 b - a +6 rod of inaccuracy (9/9)
   (Xom gifted it to you on level 3 of the Dungeon)
Jewellery
 e - a +3 ring of intelligence (right hand)
 q - a +1 ring of evasion (left hand)
 t - an uncursed amulet of resist mutation
 B - an amulet of regeneration (around neck)
 I - an uncursed ring of positive energy
Magical devices
 d - a wand of teleportation (1)
 E - a wand of disintegration (6)
 M - a wand of fire (7)
 O - a wand of digging (13)
 P - a wand of fire (0)
 S - a wand of hasting (9)
 Y - a wand of fireball (6)
Scrolls
 p - 4 scrolls of magic mapping
 v - 2 scrolls of teleportation
 A - a scroll of fear
 C - 9 scrolls of remove curse
 K - a scroll of summoning
 Z - a scroll of recharging
Potions
 f - 3 potions of magic
 h - 3 potions of might
 m - 4 potions of flight
 n - a potion of brilliance
 o - 3 potions of haste
 s - a potion of invisibility
 H - a potion of cancellation
 J - 2 potions of agility {unknown}
 L - 6 potions of heal wounds
 Q - 5 potions of curing
 R - 2 potions of berserk rage
 V - a potion of experience {unknown}
 W - a potion of resistance {unknown}
 X - a potion of cure mutation {unknown}
Books
 i - a book of Enchantments

   Spells                             Type                      Level
   a - Cause Fear                     Hexes                        4
   b - Silence                        Hexes/Air                    5
   c - Deflect Missiles               Charms/Air                   6
   d - Haste                          Charms                       6
   e - Discord                        Hexes                        8
 l - a book of Unlife

   Spells                             Type                      Level
   a - Recall                         Summoning/Translocation      3
   b - Animate Dead                   Necromancy                   4
   c - Control Undead                 Necromancy                   4
   d - Cigotuvi's Embrace             Necromancy                   5
   e - Death Channel                  Necromancy                   6
   f - Simulacrum                     Ice/Necromancy               6
Miscellaneous
 D - a phial of floods
 U - a lamp of fire (inert)
Comestibles
 c - 14 bread rations
 r - 16 chunks of flesh
 N - 7 meat rations


   Skills:
 + Level 11.6 Fighting
 - Level 14.0 Maces & Flails
 - Level 5.0 Throwing
 + Level 7.5 Armour
 + Level 8.1 Dodging
 - Level 1.6 Stealth
 + Level 0.2 Spellcasting
 * Level 4.8 Necromancy
 + Level 5.5 Evocations


You had 4 spell levels left.
You knew the following spells:

 Your Spells              Type           Power        Failure   Level  Hunger
a - Corpse Rot            Necr           N/A          8%          2    ###....
b - Vampiric Draining     Necr           ###.......   14%         3    ####...
c - Animate Dead          Necr           N/A          41%         4    #####..


Dungeon Overview and Level Annotations

Branches:
Dungeon (10/15)            Temple (1/1) D:7            Lair (8/8) D:8
  Swamp (0/4) Lair:4       Spider (0/4) Lair:3        Slime (0/6) Lair:8
    Orc: D:9-12

Altars:
Ashenzari
Cheibriados
Dithmenos
Elyvilon
Fedhas
Gozag
Kikubaaqudgha
Makhleb
Nemelex Xobeh
Okawaru
Qazlal
Ru
Sif Muna
Trog
Vehumet
Xom
Yredelemnul
Zin
The Shining One
Jiyva

Shops:
D:7 *

Annotations:
D:6 exclusions: door and 1 more exclusion
Lair:5 Rupert


Innate Abilities, Weirdness & Mutations

You have hooves in place of feet.
Armour fits poorly on your strangely shaped body.
You cover ground very quickly.
You have extremely tough skin (AC +3).
You are partially covered in iridescent scales (AC +4).
Your mind is very acute. (Int +4)
Your flesh is heat resistant.
You are resistant to hostile enchantments.
You are robust (+10% HP).
You can spit weak poison.


Message History

The komodo dragon hisses angrily.
The yak gores you.
The elephant tramples you but does no damage.
The elephant trunk-slaps you but does no damage.
The manticore bites you!
The manticore claws you but does no damage. x2
Found four items.
An elephant, a manticore and a lindwurm come into view.
The komodo dragon bites you!!
* * * LOW HITPOINT WARNING * * *
The yak gores you.
* * * LOW HITPOINT WARNING * * *
The elephant tramples you.
* * * LOW HITPOINT WARNING * * *
You stumble backwards!
The lindwurm bites you.
* * * LOW HITPOINT WARNING * * *
The lindwurm claws you but does no damage. x2
The manticore bites you!!
You die...
Kikubaaqudgha rasps: "You have failed me!
Welcome... death!"

.##..##.......
#####....... P.......
......... .........
##### .......
####...##### #####
P....... .#.......#.##
#.PH## P.......
.#........#.# #.@Y.#
P....P#. .#.........##
#.kYl.# ... ##.
..÷........P###".....#
.....#..
††.##..#.....##.[.....#
..##...
...#...#.....###P$.....#
#...... ..##...#.....#
#..%.#... #....PP
..##...#...########...#
##.....
.########...#...# .#.
#..... .....##P....#..l
##....


You could see an elephant, a manticore, a lindwurm, a komodo dragon and a yak.

Vanquished Creatures
  Gastronok (D:9)
  8 hydras
  12 death yaks
  Urug (Lair:1)
  A griffon (Lair:8)
  A hill giant (D:9)
  An orc sorcerer (D:9)
  4 black mambas
  3 toenail golems (Volcano)
  8 elephants
  10 spiny frogs
  A torpor snail (Lair:3)
  A centaur skeleton (D:10)
  The ghost of hornqvist the Chopper, an experienced FoFi (D:4)
  8 komodo dragons
  4 fire drakes
  A two-headed ogre (D:10)
  9 blink frogs
  A spriggan (D:7)
  6 humans (Volcano)
  A wyvern (D:7)
  7 hippogriffs
  48 yaks
  5 basilisks
  14 wargs
  15 wolves
  2 small abominations (D:3)
  A swamp drake (D:4)
  17 water moccasins
  Duvessa (D:7)
  2 ice beasts
  16 porcupines
  A phantom (D:5)
  8 spiders (Lair:3)
  5 orc warriors
  A black bear (D:9)
  2 sky beasts
  3 ogres
  2 boring beetles
  3 big kobolds
  13 crocodiles
  The ghost of laxity the Magician, an average DEFE (D:3)
  12 giant frogs
  2 centaurs
  Dowan (D:7)
  A water moccasin skeleton (D:9)
  4 scorpions
  2 electric eels (Lair:5)
  3 wights (D:9)
  3 crimson imps
  9 orc priests
  2 giant frog skeletons
  9 orc wizards
  A centaur zombie (D:5)
  5 hounds
  5 iguanas
  6 worker ants
  A killer bee zombie (D:6)
  19 sheep
  A hound zombie (D:10)
  2 hound skeletons
  3 gnolls (D:8)
  A worker ant zombie (D:5)
  11 adders
  65 river rats
  A shadow imp (D:6)
  3 worms
  3 adder skeletons
  58 orcs
  A ball python (D:3)
  16 bats
  A bat skeleton (D:5)
  2 bat zombies (D:5)
  18 hobgoblins
  A jackal (D:3)
  23 kobolds
  6 quokkas
  4 giant cockroaches
  A giant gecko (D:9)
  A giant newt (D:2)
  A giant spore (D:6)
  11 goblins
  A quokka skeleton (D:4)
  17 rats
  4 ballistomycetes
  2 fungi
  3 plants
596 creatures vanquished.

Vanquished Creatures (collateral kills)
  An elephant (Lair:5)
  A spiny frog (Lair:2)
  A river rat (Lair:5)
3 creatures vanquished.

Vanquished Creatures (others)
  A ghoul (D:1)
  A gargoyle (D:1)
  A vine stalker (D:1)
  A troll (D:1)
  3 formicids (D:1)
  A human (D:1)
  3 fire elementals
  A naga (D:1)
  A dwarf (D:1)
  An iguana (Lair:5)
  An orc wizard (D:4)
  A sheep (Lair:8)
  An orc (D:1)
  A giant spore (D:9)
  A kobold (D:1)
  17 fungi (Lair:8)
  15 plants
  4 tentacles (D:1)
  25 tentacle segments (D:1)
80 creatures vanquished.

Grand Total: 679 creatures vanquished

Notes
Turn   | Place    | Note
--------------------------------------------------------------
     0 | D:1      | Zwobot, the Centaur Chaos Knight, began the quest for the Orb.
     0 | D:1      | Reached XP level 1. HP: 19/19 MP: 1/1
     0 | D:1      | Noticed a ghoul
     0 | D:1      | Noticed a human
     0 | D:1      | Noticed a formicid
     0 | D:1      | Noticed a gargoyle
     0 | D:1      | Noticed a naga
     0 | D:1      | Noticed a kraken
     0 | D:1      | Noticed a dwarf
     0 | D:1      | Noticed a troll
     0 | D:1      | Noticed a vine stalker
     0 | D:1      | Noticed a formicid
     0 | D:1      | Noticed a formicid
     4 | D:1      | Killed a vine stalker
     6 | D:1      | Killed a dwarf
     7 | D:1      | Killed a naga
     8 | D:1      | Killed a formicid
     9 | D:1      | Killed a gargoyle
    11 | D:1      | Killed a formicid
    12 | D:1      | Killed a troll
    13 | D:1      | Killed a human
    13 | D:1      | Killed a formicid
    14 | D:1      | Killed a ghoul
   131 | D:1      | XOM: divination: detect items
   356 | D:1      | Reached XP level 2. HP: 24/26 MP: 2/2
   501 | D:1      | XOM: divination: magic mapping
   637 | D:1      | XOM: silly message
   671 | D:1      | XOM: silly message
  1094 | D:2      | Reached XP level 3. HP: 31/31 MP: 3/3
  1396 | D:2      | XOM: give mutations
  1396 | D:2      | Gained mutation: You can spit weak poison. [Xom's grace]
  1396 | D:2      | Gained mutation: You are robust (+10% HP). [Xom's grace]
  1396 | D:2      | Gained mutation: Your mind is acute. (Int +2) [Xom's grace]
  1545 | D:2      | XOM: give mutations
  1545 | D:2      | Gained mutation: You have a pair of small horns on your head. [Xom's grace]
  1545 | D:2      | Gained mutation: You are partially covered in iridescent scales (AC +4). [Xom's grace]
  1607 | D:2      | XOM is BORED!
  1607 | D:2      | XOM: medium Necr miscast
  1791 | D:3      | XOM: god gift: short runed rod {god gift}
  1828 | D:3      | Reached skill level 1 in Dodging
  1828 | D:3      | Reached XP level 4. HP: 41/44 MP: 4/4
  1924 | D:3      | Noticed laxity's ghost (average DEFE)
  1940 | D:3      | Identified a +6 rod of inaccuracy (9/9) (Xom gifted it to you on level 3 of the Dungeon)
  1987 | D:3      | XOM: swap monsters
  1988 | D:3      | XOM: god gift: scroll labeled LEYRGH AL XEROZ
  1990 | D:3      | XOM: potion effect (heal wounds)
  1991 | D:3      | XOM: swap monsters
  2000 | D:3      | Killed laxity's ghost
  2000 | D:3      | Reached XP level 5. HP: 46/50 MP: 5/5
  2037 | D:3      | XOM: scenery: create altars
  2428 | D:4      | Reached skill level 4 in Fighting
  2438 | D:4      | XOM: vitrification
  2631 | D:4      | Found a deep blue altar of Sif Muna.
  2655 | D:4      | Noticed a swamp drake
  2655 | D:4      | an orc wizard changed into a swamp drake
  2655 | D:4      | XOM: polymorph orc wizard -> swamp drake
  2667 | D:4      | Killed a swamp drake
  2667 | D:4      | Reached XP level 6. HP: 52/57 MP: 6/6
  2679 | D:4      | Identified Sif Muna's Tome of the Mountains
  2681 | D:5      | Entered Level 5 of the Dungeon
  2837 | D:5      | XOM: chaos cloud
  2847 | D:5      | Reached skill level 1 in Stealth
  2952 | D:5      | XOM: medium Erth miscast
  2959 | D:5      | Reached skill level 1 in Evocations
  2959 | D:5      | Reached XP level 7. HP: 45/66 MP: 7/7
  2997 | D:5      | Noticed a hippogriff
  3003 | D:5      | Killed a hippogriff
  3005 | D:5      | XOM: polymorph scorpion -> wolf
  3014 | D:5      | Reached skill level 5 in Maces & Flails
  3285 | D:4      | XOM: enchant monster (good)
  3341 | D:4      | Reached XP level 8. HP: 25/73 MP: 8/8
  3414 | D:4      | XOM: fog
  3577 | D:3      | XOM: give mutations
  3577 | D:3      | Gained mutation: Your flesh is heat resistant. [Xom's grace]
  3577 | D:3      | Gained mutation: Your mind is very acute. (Int +4) [Xom's grace]
  3632 | D:3      | XOM: medium Summ miscast
  3993 | D:4      | Noticed hornqvist's ghost (experienced FoFi)
  4025 | D:4      | Killed hornqvist's ghost
  4025 | D:4      | Reached skill level 5 in Fighting
  4093 | D:4      | Found a snail-covered altar of Cheibriados.
  4093 | D:4      | Found a stormy altar of Qazlal.
  4886 | D:6      | Found a glowing golden altar of the Shining One.
  4949 | D:6      | Found a blossoming altar of Fedhas.
  4950 | D:6      | Found an opulent altar of Gozag.
  5102 | D:6      | XOM is BORED!
  5102 | D:6      | XOM: medium Ice miscast
  5172 | D:6      | XOM: divination: magic mapping
  5197 | D:6      | XOM: god gift: 15 gold pieces
  5237 | D:6      | XOM: vitrification
  5357 | D:6      | Reached skill level 6 in Maces & Flails
  5451 | D:6      | XOM: give mutation
  5451 | D:6      | Lost mutation: You have a pair of small horns on your head. [Xom's mischief]
  5625 | D:6      | XOM: vitrification
  5682 | D:6      | XOM: vitrification
  5796 | D:7      | Noticed Duvessa
  5797 | D:7      | Noticed Dowan
  5838 | D:7      | Killed Duvessa
  5870 | D:7      | Killed Dowan
  5870 | D:7      | Reached skill level 1 in Throwing
  6022 | D:7      | XOM: god gift: 9 royal jellies
  6028 | D:7      | XOM: enchant monster (bad)
  6031 | D:7      | Reached XP level 9. HP: 54/82 MP: 10/10
  6144 | D:7      | XOM: mild Chrm miscast
  6269 | D:7      | XOM: colour smoke trail
  6389 | D:7      | XOM: divination: detect creatures
  6431 | D:7      | XOM: god gift: 2 needles of paralysis
  6606 | D:7      | Found Nuidgh Moleirph's Serpentskin Sales.
  6621 | D:7      | Bought 8 curare-tipped needles for 57 gold pieces
  6645 | D:7      | Found a staircase to the Ecumenical Temple.
  6874 | D:7      | XOM: summons friendly crimson imp
  6885 | D:7      | Reached skill level 7 in Maces & Flails
  6885 | D:7      | Reached skill level 5 in Dodging
  6971 | Temple   | Entered the Ecumenical Temple
  7015 | Temple   | Fell from the grace of Xom
  7015 | Temple   | Became a worshipper of Kikubaaqudgha
  7140 | D:8      | Found a staircase to the Lair.
  7886 | D:8      | XOM: mild Chrm miscast
  7986 | D:8      | Acquired Kikubaaqudgha's first power
  7986 | D:8      | Received a gift from Kikubaaqudgha
  8015 | D:8      | Identified Kikubaaqudgha's Tome of Unholy Rituals (Kikubaaqudgha gifted it to you on level 8 of the Dungeon)
  8103 | D:8      | XOM: mild Erth miscast
  8134 | D:8      | Reached skill level 8 in Maces & Flails
  8828 | D:8      | Found a burning altar of Makhleb.
  8828 | D:8      | Found an iron altar of Okawaru.
  8829 | D:8      | Reached XP level 10. HP: 50/92 MP: 11/11
  9177 | D:9      | Noticed Gastronok
  9299 | D:9      | Killed Gastronok
  9299 | D:9      | Reached skill level 9 in Maces & Flails
  9439 | D:9      | Reached skill level 5 in Armour
  9612 | D:9      | Reached skill level 10 in Maces & Flails
  9998 | D:9      | Acquired Kikubaaqudgha's second power
 10104 | D:9      | Reached XP level 11. HP: 102/102 MP: 12/12
 10407 | D:9      | Noticed an orc sorcerer
 10423 | D:9      | Killed an orc sorcerer
 10423 | D:9      | Reached skill level 5 in Throwing
 10595 | D:9      | Received a gift from Kikubaaqudgha
 10596 | D:9      | Identified Kikubaaqudgha's Papyrus of Evil Secrets (Kikubaaqudgha gifted it to you on level 9 of the Dungeon)
 10691 | D:9      | Noticed a hill giant
 10746 | D:9      | Killed a hill giant
 10888 | D:9      | Got an encrusted ring mail
 10899 | D:9      | Identified the +1 ring mail "Uvvej" {Regen+} (You found it on level 9 of the Dungeon)
 11042 | D:10     | Entered Level 10 of the Dungeon
 11835 | Lair:1   | Entered Level 1 of the Lair of Beasts
 11852 | Lair:1   | Learned a level 2 spell: Corpse Rot
 11856 | Lair:1   | Learned a level 3 spell: Vampiric Draining
 11861 | Lair:1   | Learned a level 4 spell: Animate Dead
 11938 | Lair:1   | Noticed Urug
 11963 | Lair:1   | Killed Urug
 11984 | Lair:1   | Reached skill level 11 in Maces & Flails
 12629 | Lair:1   | Acquired Kikubaaqudgha's third power
 12779 | Lair:1   | XOM: silly message
 13081 | Lair:2   | XOM: silly message
 13107 | Lair:2   | XOM: harmless Necr miscast
 13163 | Lair:2   | Noticed a five-headed hydra
 13169 | Lair:2   | Killed a five-headed hydra
 13488 | Lair:2   | XOM: medium Fire miscast
 13562 | Lair:2   | Noticed a four-headed hydra
 13572 | Lair:2   | Killed a four-headed hydra
 13572 | Lair:2   | Reached skill level 12 in Maces & Flails
 13572 | Lair:2   | Reached XP level 12. HP: 94/113 MP: 14/14
 14210 | Lair:3   | XOM: noise
 14467 | Lair:3   | Found a hole to the Spider Nest.
 14687 | Lair:3   | XOM: mild Erth miscast
 14856 | Lair:3   | XOM: noise
 14926 | Lair:3   | XOM: noise
 15534 | Lair:4   | Found a staircase to the Swamp.
 15586 | Lair:4   | Acquired Kikubaaqudgha's fourth power
 15777 | Lair:4   | You fall through a shaft for 2 floors!
 15795 | Lair:6   | Found a dark tunnel.
 15801 | Lair:6   | Reached skill level 13 in Maces & Flails
 15806 | Volcano  | Entered a volcano
 15898 | Volcano  | XOM: medium Air miscast
 16206 | Lair:6   | XOM: mild Tloc miscast
 16357 | Lair:5   | Noticed Rupert
 16364 | Lair:5   | XOM: noise
 16380 | Lair:5   | Reached XP level 13. HP: 120/123 MP: 16/16
 16444 | Lair:5   | XOM: medium Fire miscast
 16785 | Lair:4   | Noticed a seven-headed hydra
 16795 | Lair:4   | Killed a seven-headed hydra
 17189 | Lair:4   | You fall through a shaft!
 17218 | Lair:5   | Reached skill level 10 in Fighting
 17345 | Lair:6   | Reached skill level 14 in Maces & Flails
 17555 | Lair:6   | Reached skill level 1 in Necromancy
 17819 | Lair:6   | Noticed a five-headed hydra
 17825 | Lair:6   | Killed a five-headed hydra
 18991 | Lair:7   | XOM: give mutation
 18991 | Lair:7   | Gained mutation: You are resistant to hostile enchantments. [Xom's grace]
 19233 | Lair:8   | Entered Level 8 of the Lair of Beasts
 19392 | Lair:8   | XOM: stat loss: -2 Dex (7/9)
 19451 | Lair:8   | Found a blossoming altar of Fedhas.
 19679 | Lair:8   | Found a viscous altar of Jiyva.
 19777 | Lair:8   | Found a staircase to the Slime Pits.
 19837 | Lair:8   | Reached skill level 5 in Evocations
 19843 | Lair:8   | Reached XP level 14. HP: 104/136 MP: 17/17
 20418 | Lair:8   | XOM: summons 7 hostile demons
 20428 | Lair:8   | Paralysed by a chaos spawn for 5 turns
 20432 | Lair:8   | HP: 4/137 [lindwurm (5)]
 20432 | Lair:8   | Demolished by a manticore

Action                   |  1- 3 |  4- 6 |  7- 9 | 10-12 | 13-15 || total
-------------------------+-------+-------+-------+-------+-------++-------
Melee: Mace              |    87 |   115 |    44 |   175 |       ||   421
       Flail             |       |       |   463 |    14 |       ||   477
       Dire flail        |       |       |       |   700 |   619 ||  1319
       Unarmed           |       |       |       |    31 |       ||    31
       Whip              |       |       |       |    11 |       ||    11
 Fire: Blowgun           |       |       |    35 |    38 |    30 ||   103
Throw: Stone             |       |       |     1 |       |       ||     1
       Javelin           |       |       |       |    17 |     8 ||    25
 Abil: Spit Poison       |     5 |     1 |       |       |       ||     6
Evoke: Rod               |       |     7 |    18 |    66 |    36 ||   127
       Wand              |       |       |       |    15 |     9 ||    24
       Phial of floods   |       |       |       |     1 |       ||     1
       Lamp of fire      |       |       |       |     1 |     1 ||     2
  Use: Scroll            |     8 |     3 |     7 |    22 |     7 ||    47
       Potion            |       |     1 |       |     3 |     3 ||     7
 Stab: Confused          |       |     1 |       |       |       ||     1
       Petrified         |       |       |     1 |       |       ||     1
  Eat: Chunk             |     1 |     2 |    14 |    26 |    15 ||    58
       Bread ration      |     1 |       |       |       |       ||     1
       Beef jerky        |       |       |     3 |     1 |     1 ||     5
       Royal jelly       |       |       |       |     3 |       ||     3
       Pizza             |       |       |       |       |     1 ||     1
